[ AOE2 MATCH · #467469924 ]
UnrankedEthiopians vs Britons
[ REPLAY ANALYSIS · EXTRACTED FROM THE RECORDED GAME ]
Feudal
8:56
Castle
24:59
Imperial
49:45
| APM avg | 53.0 |
| APM peak | 89 |
| eAPM avg | 23.6 |
| Villagers / military | 187 / 599 |
Focus
⚔️ 28.4% · 🌾 71.6%
Archer ×317 · Skirmisher ×235 · Spearman ×40 · Trade Cart ×5 · Trebuchet (Packed) ×4 · Mangonel ×2
Feudal
8:54
Castle
29:56
Imperial
68:06
| APM avg | 35.8 |
| APM peak | 85 |
| eAPM avg | 23.9 |
| Villagers / military | 229 / 196 |
Focus
⚔️ 22.5% · 🌾 77.5%
Archer ×194 · Trade Cart ×46 · Militia ×2
Feudal
8:52
Castle
23:51
Imperial
48:25
| APM avg | 45.9 |
| APM peak | 102 |
| eAPM avg | 29.1 |
| Villagers / military | 269 / 820 |
Focus
⚔️ 38.4% · 🌾 61.6%
Knight ×433 · Scout Cavalry ×359 · Trade Cart ×72 · Battering Ram ×22 · Monk ×5 · Spearman ×1
Feudal
8:26
Castle
23:50
Imperial
43:37
| APM avg | 89.4 |
| APM peak | 144 |
| eAPM avg | 60.1 |
| Villagers / military | 283 / 698 |
Focus
⚔️ 67.1% · 🌾 32.9%
Scout Cavalry ×436 · Boyar ×195 · Trade Cart ×64 · Knight ×59 · Mangonel ×3 · Trebuchet (Packed) ×3
Feudal
8:27
Castle
24:25
Imperial
44:00
| APM avg | 63.6 |
| APM peak | 127 |
| eAPM avg | 24.1 |
| Villagers / military | 152 / 173 |
Focus
⚔️ 42.0% · 🌾 58.0%
Unknown (1944) ×307 · Spearman ×144 · Trade Cart ×81 · Scout Cavalry ×28 · Militia ×1
Feudal
8:53
Castle
23:39
Imperial
44:08
| APM avg | 70.6 |
| APM peak | 161 |
| eAPM avg | 40.6 |
| Villagers / military | 268 / 656 |
Focus
⚔️ 67.0% · 🌾 33.0%
Archer ×410 · Skirmisher ×235 · Trebuchet (Packed) ×10 · Trade Cart ×5 · Monk ×1
Feudal
8:33
Castle
23:48
Imperial
49:00
| APM avg | 50.9 |
| APM peak | 119 |
| eAPM avg | 21.9 |
| Villagers / military | 205 / 720 |
Focus
⚔️ 42.4% · 🌾 57.6%
Scout Cavalry ×450 · Knight ×266 · Trade Cart ×15 · Monaspa ×4
Feudal
9:23
Castle
23:44
Imperial
39:27
| APM avg | 53.0 |
| APM peak | 96 |
| eAPM avg | 22.6 |
| Villagers / military | 198 / 686 |
Focus
⚔️ 49.2% · 🌾 50.8%
Archer ×391 · Scout Cavalry ×273 · Trebuchet (Packed) ×11 · Rattan Archer ×10 · Skirmisher ×1
Match map
Initial resources + every placement click. Lines = walls · curves = elevation contours. ◆ gold · ⬟ stone · ● berries · ✦ relic · ◌ wall gap
Your base· ✓ Closed at 24:59 · 29t walls · 1 gate(s)
Cono | AdriJ's base· ✓ Closed at 29:56 · 77t walls · 1 gate(s)
holagame's base· Open — 5t gap
wR.Nicov's base· Open — 1t gap
JAGR | LeonzAoe's base· ✓ Closed at 24:25 · 16t walls · 1 gate(s)
DS_Moai's base· ✓ Closed at 23:39 · 36t walls · no gate
FULL BOLAS's base· ✓ Closed at 23:48 · 33t walls · no gate
Talentless's base· Open — 5t gap
Smoothed initial terrain · ◌ = detected wall gap · hover for details
Inputs per minute
— Euromillions - - Cono | AdriJ
Build order — Euromillions
First 150 of 708 actions detected
| 0:01 | Queue | Villager (Male) |
| 0:01 | Queue | Villager (Male) |
| 0:03 | Build | House |
| 0:04 | Build | House |
| 0:16 | Queue | Villager (Male) |
| 0:16 | Queue | Villager (Male) |
| 1:23 | Queue | Villager (Male) |
| 1:24 | Queue | Villager (Male) |
| 1:45 | Build | Lumber Camp |
| 2:02 | Queue | Villager (Male) |
| 2:18 | Queue | Villager (Male) |
| 2:18 | Queue | Villager (Male) |
| 2:47 | Queue | Villager (Male) |
| 2:47 | Queue | Villager (Male) |
| 3:16 | Queue | Villager (Male) |
| 3:16 | Queue | Villager (Male) |
| 3:43 | Queue | Villager (Male) |
| 3:44 | Queue | Villager (Male) |
| 3:51 | Build | House |
| 4:08 | Research | Loom |
| 4:35 | Queue | Villager (Male) |
| 4:35 | Queue | Villager (Male) |
| 4:35 | Queue | Villager (Male) |
| 4:54 | Queue | Villager (Male) |
| 4:54 | Queue | Villager (Male) |
| 4:58 | Build | Mining Camp |
| 5:43 | Research | Loom |
| 6:46 | Research | Feudal Age |
| 6:46 | Research | Feudal Age |
| 7:42 | Build | Barracks |
| 8:00 | Build | House |
| 8:54 | Queue | Villager (Male) |
| 8:54 | Queue | Villager (Male) |
| 8:56 | Age | Feudal Age |
| 8:58 | Build | Archery Range |
| 9:03 | Build | Archery Range |
| 9:26 | Queue | Villager (Male) |
| 9:28 | Queue | Villager (Male) |
| 9:44 | Build | House |
| 9:48 | Queue | Villager (Male) |
| 9:52 | Queue | Archer |
| 9:59 | Build | Blacksmith |
| 10:07 | Queue | Archer |
| 10:08 | Queue | Archer |
| 10:08 | Queue | Archer |
| 10:36 | Queue | Archer |
| 10:36 | Queue | Archer |
| 10:42 | Research | Fletching |
| 10:45 | Build | House |
| 10:50 | Build | Palisade Wall |
| 11:04 | Queue | Villager (Male) |
| 11:18 | Build | House |
| 11:21 | Queue | Archer |
| 11:21 | Queue | Archer |
| 11:22 | Queue | Villager (Male) |
| 11:46 | Build | Mill |
| 11:49 | Queue | Archer |
| 11:49 | Queue | Archer |
| 12:04 | Build | House |
| 12:05 | Queue | Villager (Male) |
| 12:15 | Queue | Archer |
| 12:16 | Queue | Archer |
| 12:32 | Build | Farm |
| 12:41 | Build | House |
| 12:46 | Build | Farm |
| 12:48 | Build | Farm |
| 12:51 | Build | House |
| 12:52 | Build | Palisade Wall |
| 13:01 | Queue | Villager (Male) |
| 13:03 | Queue | Archer ×2 |
| 13:20 | Build | Palisade Wall |
| 13:22 | Build | Palisade Wall |
| 13:23 | Build | Palisade Wall |
| 13:24 | Build | Palisade Wall |
| 13:26 | Build | Palisade Wall |
| 13:32 | Build | House |
| 13:39 | Build | House |
| 13:45 | Build | House |
| 13:50 | Build | House |
| 13:52 | Build | House |
| 14:01 | Queue | Archer |
| 14:02 | Queue | Archer |
| 14:02 | Queue | Archer |
| 14:02 | Queue | Villager (Male) |
| 14:22 | Build | Palisade Wall |
| 14:30 | Queue | Villager (Male) |
| 14:33 | Build | House |
| 15:01 | Build | Palisade Gate |
| 15:06 | Build | Farm |
| 15:07 | Build | Farm |
| 15:09 | Queue | Archer |
| 15:09 | Queue | Archer |
| 15:10 | Queue | Archer |
| 15:10 | Queue | Archer |
| 15:14 | Research | Padded Archer Armor |
| 15:14 | Research | Padded Archer Armor |
| 15:25 | Build | House |
| 15:33 | Queue | Archer |
| 15:33 | Queue | Archer |
| 15:46 | Build | Palisade Wall |
| 15:52 | Queue | Archer |
| 15:53 | Queue | Villager (Male) |
| 15:54 | Queue | Villager (Male) |
| 16:16 | Queue | Villager (Male) |
| 16:20 | Queue | Archer |
| 16:20 | Queue | Archer |
| 16:23 | Build | Farm |
| 16:26 | Build | Farm |
| 16:41 | Research | Double-Bit Axe |
| 16:46 | Build | Farm |
| 16:49 | Queue | Archer |
| 16:50 | Queue | Archer |
| 17:03 | Queue | Villager (Male) |
| 17:06 | Queue | Archer |
| 17:06 | Queue | Archer |
| 17:21 | Queue | Villager (Male) |
| 17:25 | Queue | Archer |
| 17:34 | Build | Farm |
| 17:52 | Queue | Archer |
| 17:53 | Queue | Archer |
| 17:59 | Build | House |
| 18:03 | Build | Market |
| 18:07 | Queue | Villager (Male) |
| 19:29 | Queue | Archer |
| 19:29 | Queue | Archer |
| 19:29 | Queue | Archer |
| 19:36 | Build | Farm |
| 19:37 | Queue | Villager (Male) |
| 19:38 | Build | Farm |
| 19:39 | Build | Farm |
| 19:54 | Queue | Archer |
| 19:54 | Queue | Archer |
| 19:55 | Queue | Archer |
| 19:57 | Queue | Villager (Male) |
| 20:07 | Queue | Archer |
| 20:09 | Queue | Villager (Male) |
| 20:14 | Build | House |
| 20:17 | Build | House |
| 20:20 | Build | Lumber Camp |
| 20:30 | Queue | Archer |
| 20:30 | Queue | Archer |
| 20:32 | Queue | Villager (Male) |
| 20:33 | Build | Farm |
| 21:00 | Build | Farm |
| 21:08 | Queue | Archer |
| 21:29 | Build | Farm |
| 21:46 | Queue | Villager (Male) |
| 22:03 | Build | Farm |
| 22:12 | Queue | Archer |
| 22:19 | Research | Castle Age |
Build order — Cono | AdriJ
First 150 of 746 actions detected
| 0:01 | Queue | Villager (Male) |
| 0:01 | Queue | Villager (Male) |
| 0:01 | Queue | Villager (Male) |
| 0:02 | Queue | Villager (Male) |
| 0:02 | Queue | Villager (Male) |
| 0:02 | Queue | Villager (Male) |
| 0:03 | Build | House |
| 0:05 | Build | House |
| 1:09 | Queue | Villager (Male) |
| 1:09 | Queue | Villager (Male) |
| 1:09 | Queue | Villager (Male) |
| 1:35 | Build | Lumber Camp |
| 1:42 | Queue | Villager (Male) |
| 1:42 | Queue | Villager (Male) |
| 1:42 | Queue | Villager (Male) |
| 2:15 | Queue | Villager (Male) |
| 2:16 | Queue | Villager (Male) |
| 2:22 | Queue | Villager (Male) |
| 2:22 | Queue | Villager (Male) |
| 2:51 | Queue | Villager (Male) |
| 2:51 | Queue | Villager (Male) |
| 3:13 | Queue | Villager (Male) |
| 3:13 | Queue | Villager (Male) |
| 3:50 | Build | House |
| 4:06 | Queue | Villager (Male) |
| 4:08 | Build | House |
| 4:27 | Queue | Villager (Male) |
| 4:38 | Queue | Villager (Male) |
| 4:53 | Queue | Villager (Male) |
| 5:37 | Queue | Villager (Male) |
| 5:56 | Build | Mining Camp |
| 6:04 | Research | Loom |
| 6:44 | Research | Feudal Age |
| 7:44 | Queue | Villager (Male) |
| 8:03 | Build | Barracks |
| 8:54 | Age | Feudal Age |
| 8:57 | Build | Archery Range |
| 9:14 | Build | Archery Range |
| 9:25 | Queue | Villager (Male) |
| 9:37 | Build | House |
| 9:39 | Build | Palisade Wall |
| 9:41 | Queue | Villager (Male) |
| 9:45 | Queue | Militia |
| 9:45 | Queue | Militia |
| 9:51 | Queue | Archer |
| 9:52 | Queue | Archer |
| 9:53 | Queue | Villager (Male) |
| 10:03 | Build | Palisade Wall |
| 10:04 | Queue | Villager (Male) |
| 10:10 | Build | Mill |
| 10:10 | Queue | Villager (Male) |
| 10:30 | Queue | Archer |
| 10:30 | Queue | Archer |
| 10:52 | Build | House |
| 11:04 | Build | Palisade Wall |
| 11:05 | Queue | Archer |
| 11:06 | Queue | Archer |
| 11:06 | Queue | Archer |
| 11:06 | Queue | Archer |
| 11:20 | Build | House |
| 11:31 | Build | House |
| 11:34 | Build | Palisade Wall |
| 11:37 | Build | Palisade Wall |
| 11:39 | Build | Palisade Wall |
| 11:43 | Build | House |
| 11:46 | Build | House |
| 11:51 | Build | Palisade Wall |
| 11:58 | Queue | Villager (Male) |
| 12:01 | Build | House |
| 12:28 | Build | Palisade Wall |
| 12:31 | Queue | Archer |
| 12:36 | Build | Farm |
| 12:37 | Queue | Villager (Male) |
| 12:53 | Queue | Archer |
| 12:53 | Queue | Archer |
| 13:04 | Queue | Villager (Male) |
| 13:04 | Queue | Villager (Male) |
| 13:04 | Queue | Villager (Male) |
| 13:07 | Build | Farm |
| 13:31 | Queue | Villager (Male) |
| 13:35 | Queue | Archer |
| 13:35 | Queue | Archer |
| 13:35 | Queue | Archer |
| 13:36 | Queue | Archer |
| 13:50 | Build | Palisade Wall |
| 13:52 | Queue | Archer |
| 13:52 | Queue | Archer |
| 14:24 | Queue | Villager (Male) |
| 14:35 | Build | Blacksmith |
| 14:40 | Queue | Villager (Male) |
| 14:59 | Queue | Archer |
| 14:59 | Queue | Archer |
| 15:06 | Research | Fletching |
| 15:26 | Build | Farm |
| 15:33 | Build | House |
| 15:35 | Build | Palisade Wall |
| 15:43 | Queue | Archer |
| 15:43 | Queue | Archer |
| 15:43 | Queue | Archer |
| 15:43 | Queue | Archer |
| 15:44 | Queue | Villager (Male) |
| 15:45 | Queue | Villager (Male) |
| 15:57 | Build | Farm |
| 16:27 | Queue | Villager (Male) |
| 16:34 | Queue | Villager (Male) |
| 16:42 | Queue | Archer |
| 16:42 | Queue | Archer |
| 16:42 | Queue | Archer |
| 17:07 | Queue | Archer |
| 17:13 | Queue | Archer |
| 17:13 | Queue | Archer |
| 17:13 | Queue | Archer |
| 17:14 | Queue | Villager (Male) |
| 17:26 | Queue | Villager (Male) |
| 17:28 | Build | House |
| 17:29 | Build | Palisade Wall |
| 17:31 | Queue | Villager (Male) |
| 17:33 | Build | Farm |
| 17:36 | Build | Palisade Gate |
| 17:38 | Build | Stone Wall |
| 17:47 | Build | Palisade Wall |
| 17:56 | Queue | Archer |
| 17:56 | Queue | Archer |
| 17:58 | Queue | Archer |
| 18:04 | Build | Farm |
| 18:12 | Build | Farm |
| 18:22 | Build | House |
| 18:25 | Build | Palisade Wall |
| 18:44 | Build | House |
| 18:47 | Build | House |
| 18:48 | Queue | Villager (Male) |
| 18:50 | Build | Farm |
| 19:13 | Queue | Archer |
| 19:14 | Queue | Archer |
| 19:17 | Queue | Villager (Male) |
| 19:35 | Queue | Villager (Male) |
| 19:59 | Queue | Archer |
| 19:59 | Queue | Archer |
| 19:59 | Queue | Archer |
| 19:59 | Queue | Archer |
| 20:00 | Queue | Villager (Male) |
| 20:09 | Build | Farm |
| 20:11 | Build | Farm |
| 20:18 | Queue | Villager (Male) |
| 20:23 | Build | House |
| 20:28 | Build | Palisade Wall |
| 20:32 | Build | House |
| 20:47 | Queue | Villager (Male) |
| 21:07 | Build | Farm |
| 21:10 | Build | Farm |
Build order — holagame
First 150 of 1070 actions detected
| 0:01 | Queue | Villager (Male) |
| 0:01 | Queue | Villager (Male) |
| 0:02 | Queue | Villager (Male) |
| 0:03 | Build | House |
| 0:04 | Build | House |
| 0:09 | Queue | Villager (Male) |
| 1:27 | Queue | Villager (Male) |
| 1:51 | Build | Lumber Camp |
| 1:58 | Queue | Villager (Male) |
| 2:19 | Queue | Villager (Male) |
| 2:51 | Queue | Villager (Male) |
| 3:22 | Queue | Villager (Male) |
| 3:31 | Build | House |
| 3:41 | Queue | Villager (Male) |
| 3:56 | Queue | Villager (Male) |
| 4:24 | Queue | Villager (Male) |
| 4:29 | Queue | Villager (Male) |
| 4:29 | Queue | Villager (Male) |
| 4:42 | Build | Mill |
| 5:17 | Queue | Villager (Male) |
| 5:20 | Queue | Villager (Male) |
| 5:21 | Queue | Villager (Male) |
| 5:31 | Queue | Villager (Male) |
| 6:00 | Research | Loom |
| 6:34 | Research | Feudal Age |
| 7:19 | Queue | Villager (Male) |
| 7:54 | Build | Barracks |
| 8:01 | Build | House |
| 8:52 | Age | Feudal Age |
| 8:54 | Queue | Villager (Male) |
| 8:55 | Build | Stable |
| 9:01 | Research | Double-Bit Axe |
| 9:16 | Research | Horse Collar |
| 9:26 | Build | House |
| 9:29 | Queue | Villager (Male) |
| 9:37 | Queue | Scout Cavalry |
| 9:38 | Queue | Scout Cavalry |
| 9:38 | Queue | Scout Cavalry |
| 9:38 | Queue | Scout Cavalry |
| 9:48 | Build | Farm |
| 9:50 | Queue | Villager (Male) |
| 9:57 | Build | Farm |
| 10:10 | Build | House |
| 10:15 | Build | Palisade Wall |
| 10:18 | Queue | Villager (Male) |
| 10:18 | Queue | Villager (Male) |
| 10:21 | Build | Farm |
| 10:32 | Build | Palisade Wall |
| 10:34 | Queue | Villager (Male) |
| 10:45 | Build | Farm |
| 10:58 | Build | House |
| 10:59 | Queue | Villager (Male) |
| 11:09 | Queue | Villager (Male) |
| 11:11 | Build | Farm |
| 11:21 | Build | Palisade Wall |
| 11:23 | Build | Palisade Wall |
| 11:36 | Queue | Scout Cavalry |
| 11:39 | Build | Farm |
| 12:01 | Queue | Scout Cavalry |
| 12:01 | Queue | Scout Cavalry |
| 12:07 | Queue | Spearman |
| 12:15 | Queue | Scout Cavalry |
| 12:16 | Queue | Scout Cavalry |
| 12:25 | Build | Farm |
| 12:26 | Queue | Villager (Male) |
| 12:26 | Queue | Villager (Male) |
| 12:33 | Build | House |
| 12:37 | Queue | Villager (Male) |
| 12:48 | Build | Farm |
| 12:52 | Queue | Villager (Male) |
| 12:53 | Queue | Villager (Male) |
| 12:56 | Build | Farm |
| 13:10 | Build | Farm |
| 13:19 | Queue | Scout Cavalry |
| 13:26 | Build | Farm |
| 13:27 | Queue | Villager (Male) |
| 13:28 | Build | Farm |
| 13:41 | Queue | Villager (Male) |
| 13:42 | Queue | Villager (Male) |
| 13:44 | Build | Farm |
| 13:58 | Queue | Scout Cavalry |
| 14:00 | Queue | Villager (Male) |
| 14:02 | Build | Farm |
| 14:14 | Queue | Villager (Male) |
| 14:17 | Build | Farm |
| 14:36 | Queue | Scout Cavalry |
| 14:36 | Queue | Scout Cavalry |
| 14:40 | Build | Mining Camp |
| 14:53 | Queue | Scout Cavalry |
| 15:01 | Queue | Villager (Male) |
| 15:15 | Queue | Villager (Male) |
| 15:17 | Build | Blacksmith |
| 15:20 | Build | House |
| 15:22 | Queue | Scout Cavalry |
| 15:22 | Queue | Scout Cavalry |
| 15:40 | Build | House |
| 15:49 | Research | Wheelbarrow |
| 16:08 | Research | Scale Barding Armor |
| 16:13 | Queue | Villager (Male) |
| 16:36 | Research | Bloodlines |
| 16:44 | Build | Stable |
| 16:48 | Queue | Villager (Male) |
| 17:02 | Build | House |
| 17:15 | Research | Forging |
| 17:16 | Research | Forging |
| 17:26 | Build | Farm |
| 17:29 | Build | Farm |
| 17:42 | Queue | Scout Cavalry |
| 17:42 | Queue | Scout Cavalry |
| 17:47 | Build | Farm |
| 17:59 | Queue | Villager (Male) |
| 18:03 | Queue | Scout Cavalry |
| 18:21 | Queue | Villager (Male) |
| 18:23 | Build | Farm |
| 18:44 | Queue | Villager (Male) |
| 18:46 | Build | House |
| 18:47 | Build | House |
| 19:05 | Queue | Scout Cavalry ×4 |
| 19:29 | Queue | Villager (Male) |
| 19:32 | Build | Lumber Camp |
| 19:40 | Build | Stable |
| 19:44 | Queue | Villager (Male) |
| 19:49 | Build | Mill |
| 20:01 | Build | Farm |
| 20:04 | Build | Farm |
| 20:16 | Queue | Villager (Male) |
| 20:29 | Queue | Villager (Male) |
| 20:32 | Build | Farm |
| 20:53 | Build | House |
| 21:00 | Research | Castle Age |
| 21:07 | Build | Farm |
| 21:28 | Build | Farm |
| 21:28 | Build | Farm |
| 21:38 | Queue | Scout Cavalry |
| 21:38 | Queue | Scout Cavalry |
| 21:38 | Queue | Scout Cavalry |
| 21:38 | Queue | Scout Cavalry |
| 21:55 | Research | Gold Mining |
| 21:55 | Research | Gold Mining |
| 22:01 | Build | House |
| 22:02 | Queue | Villager (Male) |
| 22:12 | Queue | Scout Cavalry |
| 22:12 | Queue | Scout Cavalry |
| 22:12 | Queue | Scout Cavalry |
| 22:37 | Queue | Scout Cavalry ×3 |
| 22:37 | Queue | Scout Cavalry ×3 |
| 22:51 | Queue | Villager (Male) |
| 23:30 | Queue | Villager (Male) |
| 23:51 | Age | Castle Age |
| 23:52 | Build | Farm |
Build order — wR.Nicov
First 150 of 1316 actions detected
| 0:00 | Queue | Villager (Male) |
| 0:00 | Queue | Villager (Male) |
| 0:02 | Queue | Villager (Male) |
| 0:02 | Build | House |
| 0:03 | Queue | Villager (Male) |
| 0:03 | Build | House |
| 1:23 | Queue | Villager (Male) |
| 2:02 | Queue | Villager (Male) |
| 2:14 | Queue | Villager (Male) |
| 2:33 | Build | Lumber Camp |
| 2:48 | Queue | Villager (Male) |
| 2:48 | Queue | Villager (Male) |
| 3:10 | Queue | Villager (Male) |
| 3:39 | Queue | Villager (Male) |
| 3:40 | Queue | Villager (Male) |
| 3:40 | Queue | Villager (Male) |
| 3:52 | Build | House |
| 4:32 | Queue | Villager (Male) |
| 4:52 | Build | Mill |
| 4:58 | Queue | Villager (Male) |
| 5:14 | Queue | Villager (Male) |
| 5:26 | Research | Loom |
| 6:16 | Research | Feudal Age |
| 7:28 | Build | Barracks |
| 7:33 | Queue | Villager (Male) |
| 8:26 | Age | Feudal Age |
| 8:27 | Queue | Villager (Male) |
| 8:29 | Build | Stable |
| 8:32 | Research | Double-Bit Axe |
| 8:32 | Research | Double-Bit Axe |
| 9:01 | Queue | Villager (Male) |
| 9:11 | Queue | Scout Cavalry |
| 9:11 | Queue | Scout Cavalry |
| 9:27 | Research | Horse Collar |
| 9:38 | Queue | Villager (Male) |
| 9:38 | Queue | Villager (Male) |
| 9:41 | Build | Farm |
| 9:43 | Build | Farm |
| 9:56 | Build | Farm |
| 10:05 | Queue | Villager (Male) |
| 10:07 | Build | Farm |
| 10:10 | Build | House |
| 10:21 | Queue | Villager (Male) |
| 10:34 | Build | Farm |
| 10:44 | Queue | Villager (Male) |
| 10:46 | Build | Farm |
| 10:49 | Build | House |
| 11:09 | Queue | Villager (Male) |
| 11:16 | Build | Farm |
| 11:26 | Queue | Scout Cavalry |
| 11:31 | Queue | Villager (Male) |
| 11:35 | Build | Farm |
| 11:35 | Build | Farm |
| 11:42 | Queue | Scout Cavalry |
| 11:47 | Build | Farm |
| 11:53 | Build | Palisade Wall |
| 11:53 | Build | Palisade Wall |
| 11:55 | Build | Palisade Wall |
| 11:56 | Build | Palisade Wall |
| 12:00 | Queue | Villager (Male) |
| 12:08 | Build | Farm |
| 12:23 | Build | Farm |
| 12:28 | Queue | Scout Cavalry |
| 12:29 | Queue | Villager (Male) |
| 12:29 | Queue | Villager (Male) |
| 12:41 | Queue | Scout Cavalry |
| 12:44 | Build | Palisade Wall |
| 12:54 | Queue | Villager (Male) |
| 13:06 | Build | Blacksmith |
| 13:08 | Build | Palisade Wall |
| 13:18 | Queue | Villager (Male) |
| 13:22 | Queue | Scout Cavalry |
| 13:28 | Build | Farm |
| 13:43 | Queue | Villager (Male) |
| 13:50 | Build | Farm |
| 13:52 | Build | House |
| 13:52 | Queue | Villager (Male) |
| 14:03 | Build | Mining Camp |
| 14:05 | Queue | Scout Cavalry |
| 14:16 | Queue | Villager (Male) |
| 14:30 | Build | Palisade Wall |
| 14:44 | Queue | Scout Cavalry |
| 14:45 | Queue | Villager (Male) |
| 14:47 | Build | Farm |
| 14:49 | Build | House |
| 14:51 | Build | Farm |
| 14:53 | Build | Palisade Wall |
| 15:06 | Research | Scale Barding Armor |
| 15:09 | Build | House |
| 15:14 | Build | House |
| 15:16 | Build | Farm |
| 15:26 | Build | House |
| 15:38 | Queue | Scout Cavalry |
| 15:38 | Queue | Villager (Male) |
| 15:44 | Queue | Scout Cavalry |
| 15:59 | Research | Bloodlines |
| 16:08 | Queue | Villager (Male) |
| 16:22 | Queue | Scout Cavalry |
| 16:23 | Queue | Villager (Male) |
| 16:33 | Build | Farm |
| 16:39 | Queue | Scout Cavalry |
| 16:49 | Queue | Villager (Male) |
| 16:51 | Build | Stable |
| 16:52 | Build | Farm |
| 16:58 | Queue | Scout Cavalry |
| 17:01 | Build | Farm |
| 17:03 | Build | House |
| 17:03 | Build | Palisade Wall |
| 17:04 | Build | Palisade Wall |
| 17:20 | Queue | Scout Cavalry |
| 17:23 | Queue | Villager (Male) |
| 17:25 | Build | Farm |
| 17:30 | Queue | Villager (Male) |
| 17:37 | Research | Forging |
| 17:37 | Research | Forging |
| 17:54 | Build | Farm |
| 17:58 | Queue | Scout Cavalry |
| 17:59 | Queue | Villager (Male) |
| 18:09 | Queue | Scout Cavalry |
| 18:14 | Queue | Villager (Male) |
| 18:20 | Build | Farm |
| 18:21 | Build | Farm |
| 18:29 | Queue | Villager (Male) |
| 18:42 | Queue | Scout Cavalry |
| 18:52 | Queue | Villager (Male) |
| 18:53 | Build | Farm |
| 18:55 | Build | Farm |
| 18:58 | Queue | Scout Cavalry |
| 19:02 | Research | Wheelbarrow |
| 19:13 | Build | Farm |
| 19:17 | Queue | Scout Cavalry |
| 19:24 | Queue | Scout Cavalry |
| 19:34 | Build | Farm |
| 20:09 | Queue | Scout Cavalry |
| 20:13 | Queue | Villager (Male) |
| 20:15 | Build | Farm |
| 20:20 | Build | Stable |
| 20:23 | Build | House |
| 20:41 | Queue | Villager (Male) |
| 20:53 | Build | Palisade Wall |
| 20:54 | Build | Palisade Wall |
| 20:58 | Build | Palisade Wall |
| 21:04 | Build | Lumber Camp |
| 21:10 | Research | Castle Age |
| 21:10 | Research | Castle Age |
| 21:46 | Build | Lumber Camp |
| 21:48 | Queue | Scout Cavalry |
| 21:49 | Queue | Scout Cavalry |
| 21:55 | Build | House |
| 21:57 | Build | House |
Build order — JAGR | LeonzAoe
First 150 of 861 actions detected
| 0:01 | Queue | Villager (Male) ×4 |
| 0:01 | Queue | Villager (Male) ×4 |
| 0:03 | Build | House |
| 0:04 | Build | House |
| 1:36 | Queue | Villager (Male) |
| 1:37 | Queue | Villager (Male) |
| 1:53 | Build | Lumber Camp |
| 1:58 | Queue | Villager (Male) |
| 1:59 | Queue | Villager (Male) |
| 2:15 | Queue | Villager (Male) |
| 2:15 | Queue | Villager (Male) |
| 2:48 | Queue | Villager (Male) |
| 3:18 | Queue | Villager (Male) |
| 3:25 | Build | House |
| 3:32 | Queue | Villager (Male) |
| 3:54 | Queue | Villager (Male) |
| 3:54 | Queue | Villager (Male) |
| 4:22 | Queue | Villager (Male) |
| 4:22 | Queue | Villager (Male) |
| 4:22 | Queue | Villager (Male) |
| 4:25 | Build | Mill |
| 4:59 | Queue | Villager (Male) |
| 5:35 | Research | Loom |
| 6:17 | Research | Feudal Age |
| 7:31 | Build | Barracks |
| 7:32 | Build | House |
| 7:43 | Build | House |
| 7:55 | Queue | Villager (Male) |
| 7:55 | Queue | Villager (Male) |
| 8:27 | Age | Feudal Age |
| 8:28 | Build | Stable |
| 8:34 | Research | Double-Bit Axe |
| 9:00 | Queue | Villager (Male) |
| 9:15 | Queue | Villager (Male) |
| 9:15 | Queue | Villager (Male) |
| 9:16 | Queue | Scout Cavalry |
| 9:17 | Queue | Scout Cavalry |
| 9:18 | Build | House |
| 9:19 | Build | House |
| 9:22 | Build | House |
| 9:37 | Queue | Scout Cavalry |
| 10:01 | Queue | Scout Cavalry |
| 10:06 | Build | Palisade Wall |
| 10:08 | Build | House |
| 10:11 | Build | Palisade Wall |
| 10:13 | Build | Blacksmith |
| 10:16 | Build | House |
| 10:32 | Research | Horse Collar |
| 10:55 | Queue | Villager (Male) |
| 10:56 | Queue | Villager (Male) |
| 10:57 | Build | Farm |
| 11:14 | Queue | Villager (Male) |
| 11:15 | Build | Farm |
| 11:42 | Build | House |
| 11:45 | Build | House |
| 11:47 | Build | Palisade Wall |
| 11:50 | Build | Farm |
| 11:51 | Build | Farm |
| 11:56 | Queue | Spearman |
| 12:11 | Queue | Villager (Male) |
| 12:13 | Build | Farm |
| 12:18 | Build | Farm |
| 12:21 | Build | Palisade Gate |
| 12:23 | Build | House |
| 12:38 | Queue | Villager (Male) |
| 12:38 | Queue | Villager (Male) |
| 12:41 | Build | Farm |
| 12:43 | Build | Farm |
| 13:23 | Queue | Villager (Male) |
| 13:24 | Queue | Villager (Male) |
| 13:25 | Build | Farm |
| 13:26 | Build | Farm |
| 13:31 | Build | Farm |
| 13:53 | Queue | Scout Cavalry |
| 13:53 | Queue | Scout Cavalry |
| 13:53 | Queue | Scout Cavalry |
| 13:58 | Build | Farm |
| 13:59 | Build | Farm |
| 14:20 | Queue | Villager (Male) |
| 14:20 | Queue | Villager (Male) |
| 14:26 | Build | Farm |
| 14:28 | Build | Farm |
| 14:29 | Build | Farm |
| 14:36 | Queue | Scout Cavalry |
| 14:45 | Queue | Villager (Male) |
| 14:46 | Queue | Villager (Male) |
| 14:50 | Build | Farm |
| 14:54 | Build | Farm |
| 15:22 | Research | Scale Barding Armor |
| 15:25 | Queue | Scout Cavalry |
| 15:29 | Build | Mining Camp |
| 15:47 | Queue | Scout Cavalry |
| 16:38 | Queue | Scout Cavalry |
| 16:39 | Queue | Scout Cavalry |
| 16:39 | Queue | Scout Cavalry |
| 16:51 | Queue | Villager (Male) |
| 16:51 | Queue | Villager (Male) |
| 16:51 | Queue | Villager (Male) |
| 16:57 | Build | Lumber Camp |
| 17:06 | Research | Forging |
| 17:20 | Build | Stable |
| 17:45 | Queue | Villager (Male) |
| 17:46 | Queue | Villager (Male) |
| 17:57 | Research | Bloodlines |
| 18:16 | Queue | Scout Cavalry |
| 18:19 | Queue | Scout Cavalry |
| 18:19 | Queue | Scout Cavalry |
| 18:42 | Queue | Scout Cavalry |
| 18:43 | Queue | Scout Cavalry |
| 18:47 | Build | Mill |
| 18:47 | Build | Farm |
| 18:48 | Build | Farm |
| 18:48 | Build | Farm |
| 18:48 | Build | Farm |
| 18:48 | Build | Farm |
| 18:49 | Build | Farm |
| 19:32 | Queue | Scout Cavalry |
| 19:32 | Queue | Scout Cavalry |
| 19:53 | Queue | Scout Cavalry |
| 19:53 | Queue | Scout Cavalry |
| 20:22 | Build | Market |
| 20:24 | Build | Lumber Camp |
| 21:09 | Queue | Villager (Male) |
| 21:45 | Research | Castle Age |
| 21:48 | Research | Gold Mining |
| 22:03 | Queue | Scout Cavalry |
| 22:03 | Queue | Scout Cavalry |
| 22:13 | Queue | Scout Cavalry |
| 22:13 | Queue | Scout Cavalry |
| 22:57 | Queue | Scout Cavalry |
| 22:57 | Queue | Scout Cavalry |
| 23:39 | Queue | Villager (Male) |
| 23:39 | Queue | Villager (Male) |
| 24:25 | Age | Castle Age |
| 24:26 | Research | Light Cavalry (upgrade) |
| 24:27 | Research | Husbandry |
| 24:28 | Research | Chain Barding Armor |
| 24:54 | Queue | Unit 1944 |
| 24:54 | Queue | Unit 1944 |
| 24:55 | Queue | Unit 1944 |
| 25:02 | Build | House |
| 25:03 | Build | House |
| 25:03 | Build | House |
| 25:07 | Build | Farm |
| 25:08 | Build | Farm |
| 25:22 | Queue | Unit 1944 |
| 25:22 | Queue | Unit 1944 |
| 25:22 | Queue | Unit 1944 |
| 25:28 | Build | Farm |
| 25:29 | Research | Bow Saw |
Build order — DS_Moai
First 150 of 890 actions detected
| 0:01 | Queue | Villager (Male) |
| 0:01 | Research | Loom |
| 0:06 | Build | House |
| 0:15 | Build | House |
| 0:17 | Queue | Villager (Male) |
| 0:18 | Queue | Villager (Male) |
| 0:18 | Queue | Villager (Male) |
| 0:18 | Queue | Villager (Male) |
| 1:39 | Queue | Villager (Male) |
| 1:39 | Queue | Villager (Male) |
| 2:03 | Queue | Villager (Male) |
| 2:04 | Queue | Villager (Male) |
| 2:29 | Queue | Villager (Male) |
| 2:29 | Queue | Villager (Male) |
| 2:29 | Queue | Villager (Male) |
| 2:42 | Build | Lumber Camp |
| 3:17 | Queue | Villager (Male) |
| 3:18 | Queue | Villager (Male) |
| 4:00 | Build | House |
| 4:04 | Queue | Villager (Male) |
| 4:04 | Queue | Villager (Male) |
| 4:04 | Queue | Villager (Male) |
| 4:59 | Queue | Villager (Male) |
| 5:21 | Build | Mining Camp |
| 5:26 | Queue | Villager (Male) |
| 5:50 | Queue | Villager (Male) |
| 6:02 | Queue | Villager (Male) |
| 6:42 | Research | Feudal Age |
| 7:22 | Build | House |
| 7:56 | Build | Barracks |
| 8:47 | Queue | Villager (Male) |
| 8:53 | Age | Feudal Age |
| 8:58 | Build | Archery Range |
| 9:03 | Build | Archery Range |
| 9:12 | Queue | Villager (Male) |
| 9:35 | Queue | Villager (Male) |
| 9:54 | Queue | Archer |
| 10:01 | Build | Blacksmith |
| 10:02 | Queue | Villager (Male) |
| 10:05 | Queue | Archer |
| 10:20 | Queue | Villager (Male) |
| 10:28 | Queue | Archer |
| 10:28 | Queue | Archer |
| 10:47 | Research | Fletching |
| 10:52 | Queue | Villager (Male) |
| 11:00 | Build | Mill |
| 11:05 | Queue | Archer |
| 11:05 | Queue | Archer |
| 11:16 | Queue | Villager (Male) |
| 11:18 | Queue | Archer |
| 11:31 | Build | Palisade Wall |
| 11:41 | Queue | Archer |
| 11:42 | Queue | Villager (Male) |
| 11:42 | Queue | Villager (Male) |
| 12:06 | Queue | Archer |
| 12:07 | Queue | Villager (Male) |
| 12:11 | Build | House |
| 12:15 | Build | Farm |
| 12:19 | Queue | Archer |
| 12:32 | Queue | Archer |
| 12:35 | Queue | Villager (Male) |
| 12:35 | Queue | Villager (Male) |
| 12:35 | Queue | Villager (Male) |
| 12:52 | Build | Palisade Wall |
| 12:54 | Build | Palisade Wall |
| 12:57 | Queue | Archer |
| 13:14 | Build | Palisade Wall |
| 13:16 | Queue | Archer |
| 13:20 | Build | Farm |
| 13:32 | Queue | Villager (Male) |
| 13:33 | Queue | Archer |
| 13:42 | Build | House |
| 13:49 | Research | Double-Bit Axe |
| 13:49 | Queue | Villager (Male) |
| 13:55 | Build | House |
| 14:05 | Queue | Archer |
| 14:16 | Queue | Villager (Male) |
| 14:22 | Build | Palisade Wall |
| 14:23 | Queue | Archer |
| 14:24 | Queue | Archer |
| 14:30 | Build | Farm |
| 14:38 | Queue | Archer |
| 14:43 | Queue | Villager (Male) |
| 14:52 | Build | House |
| 14:54 | Build | Farm |
| 14:55 | Queue | Archer |
| 14:55 | Queue | Archer |
| 15:01 | Queue | Villager (Male) |
| 15:09 | Queue | Archer |
| 15:11 | Build | Palisade Wall |
| 15:12 | Build | Palisade Wall |
| 15:17 | Build | Palisade Wall |
| 15:31 | Queue | Villager (Male) |
| 15:31 | Queue | Archer |
| 15:34 | Build | Farm |
| 15:40 | Queue | Archer |
| 15:54 | Queue | Villager (Male) |
| 16:01 | Build | Palisade Wall |
| 16:08 | Build | Archery Range |
| 16:10 | Queue | Archer |
| 16:10 | Queue | Archer |
| 16:14 | Queue | Archer |
| 16:25 | Build | House |
| 16:27 | Queue | Villager (Male) |
| 16:36 | Queue | Archer |
| 16:36 | Queue | Archer |
| 16:46 | Build | House |
| 16:48 | Queue | Archer |
| 16:50 | Build | Farm |
| 16:52 | Queue | Villager (Male) |
| 17:00 | Build | Farm |
| 17:05 | Queue | Archer |
| 17:15 | Build | Farm |
| 17:16 | Queue | Villager (Male) |
| 17:28 | Queue | Archer |
| 17:41 | Queue | Villager (Male) |
| 17:44 | Build | Farm |
| 17:46 | Build | House |
| 17:52 | Build | Farm |
| 18:00 | Queue | Archer |
| 18:01 | Queue | Villager (Male) |
| 18:10 | Queue | Archer |
| 18:10 | Queue | Archer |
| 18:10 | Queue | Archer |
| 18:22 | Build | House |
| 18:40 | Queue | Villager (Male) |
| 18:40 | Queue | Archer |
| 18:41 | Queue | Archer |
| 19:04 | Queue | Archer |
| 19:04 | Queue | Archer |
| 19:25 | Queue | Villager (Male) |
| 19:29 | Research | Gold Mining |
| 19:35 | Queue | Villager (Male) |
| 19:42 | Build | Lumber Camp |
| 19:51 | Build | Market |
| 19:57 | Queue | Archer |
| 19:57 | Queue | Archer |
| 20:01 | Build | House |
| 20:04 | Queue | Villager (Male) |
| 20:07 | Build | Mining Camp |
| 20:09 | Queue | Archer |
| 20:17 | Queue | Archer |
| 20:34 | Build | House |
| 20:59 | Research | Castle Age |
| 21:03 | Queue | Archer |
| 21:03 | Queue | Archer |
| 21:10 | Build | House |
| 21:14 | Research | Horse Collar |
| 21:27 | Queue | Archer |
| 21:28 | Queue | Archer |
Build order — FULL BOLAS
First 150 of 702 actions detected
| 0:01 | Queue | Villager (Male) ×4 |
| 0:02 | Queue | Villager (Male) ×4 |
| 0:03 | Build | House |
| 0:04 | Build | House |
| 1:34 | Queue | Villager (Male) |
| 1:35 | Queue | Villager (Male) |
| 2:07 | Queue | Villager (Male) |
| 2:07 | Queue | Villager (Male) |
| 2:20 | Queue | Villager (Male) |
| 2:21 | Queue | Villager (Male) |
| 2:51 | Queue | Villager (Male) |
| 2:52 | Queue | Villager (Male) |
| 3:40 | Queue | Villager (Male) |
| 3:53 | Build | House |
| 3:57 | Build | House |
| 4:18 | Queue | Villager (Male) |
| 4:18 | Queue | Villager (Male) |
| 4:19 | Queue | Villager (Male) |
| 4:37 | Build | Mill |
| 5:07 | Queue | Villager (Male) |
| 5:55 | Research | Loom |
| 6:16 | Research | Feudal Age |
| 6:38 | Build | Palisade Wall |
| 6:39 | Build | Palisade Wall |
| 7:42 | Build | Barracks |
| 8:05 | Queue | Villager (Male) |
| 8:33 | Age | Feudal Age |
| 8:36 | Build | Stable |
| 9:12 | Queue | Villager (Male) |
| 9:14 | Research | Double-Bit Axe |
| 9:30 | Queue | Scout Cavalry |
| 9:30 | Queue | Scout Cavalry |
| 9:35 | Research | Horse Collar |
| 9:36 | Queue | Villager (Male) |
| 9:39 | Build | Farm |
| 9:54 | Build | Palisade Wall |
| 10:01 | Queue | Villager (Male) |
| 10:06 | Build | Palisade Wall |
| 10:13 | Build | Palisade Wall |
| 10:24 | Build | Farm |
| 10:26 | Queue | Scout Cavalry |
| 10:41 | Build | Farm |
| 10:43 | Queue | Villager (Male) |
| 11:01 | Queue | Scout Cavalry |
| 11:01 | Queue | Scout Cavalry |
| 11:01 | Queue | Scout Cavalry |
| 11:12 | Build | Farm |
| 11:13 | Queue | Villager (Male) |
| 11:44 | Build | Farm |
| 11:44 | Queue | Villager (Male) |
| 11:51 | Queue | Scout Cavalry |
| 11:55 | Build | Farm |
| 12:12 | Queue | Villager (Male) |
| 12:30 | Build | Farm |
| 12:33 | Build | Farm |
| 12:33 | Queue | Scout Cavalry |
| 12:40 | Build | Farm |
| 12:48 | Queue | Villager (Male) |
| 12:48 | Queue | Villager (Male) |
| 12:48 | Queue | Villager (Male) |
| 12:51 | Build | Farm |
| 13:02 | Build | Farm |
| 13:06 | Queue | Villager (Male) |
| 13:14 | Build | Farm |
| 13:24 | Queue | Scout Cavalry |
| 13:33 | Build | House |
| 13:35 | Build | House |
| 13:44 | Build | Farm |
| 13:45 | Queue | Villager (Male) |
| 13:54 | Queue | Scout Cavalry |
| 14:13 | Queue | Villager (Male) |
| 14:27 | Build | Blacksmith |
| 14:33 | Queue | Scout Cavalry |
| 14:41 | Queue | Scout Cavalry |
| 14:50 | Build | Mule Cart |
| 14:51 | Queue | Villager (Male) |
| 14:51 | Queue | Villager (Male) |
| 14:51 | Queue | Villager (Male) |
| 15:00 | Build | House |
| 15:11 | Queue | Villager (Male) |
| 15:30 | Queue | Villager (Male) |
| 15:43 | Build | Stable |
| 15:50 | Queue | Scout Cavalry |
| 15:52 | Research | Scale Barding Armor |
| 16:02 | Build | House |
| 16:06 | Queue | Villager (Male) |
| 16:22 | Queue | Scout Cavalry |
| 16:34 | Queue | Scout Cavalry |
| 16:35 | Queue | Scout Cavalry |
| 16:48 | Build | Farm |
| 16:55 | Queue | Villager (Male) |
| 16:59 | Build | House |
| 17:03 | Build | Palisade Wall |
| 17:06 | Queue | Villager (Male) |
| 17:15 | Queue | Scout Cavalry |
| 17:43 | Research | Bloodlines |
| 17:44 | Research | Bloodlines |
| 18:04 | Queue | Scout Cavalry |
| 18:06 | Queue | Villager (Male) |
| 18:07 | Queue | Villager (Male) |
| 18:07 | Queue | Villager (Male) |
| 18:19 | Build | Farm |
| 18:19 | Build | Farm |
| 18:19 | Build | Farm |
| 18:19 | Build | Farm |
| 19:07 | Queue | Villager (Male) |
| 19:10 | Build | Farm |
| 19:10 | Build | Farm |
| 19:10 | Build | Farm |
| 19:13 | Build | Farm |
| 19:34 | Queue | Villager (Male) |
| 19:37 | Build | Farm |
| 19:58 | Queue | Villager (Male) |
| 20:04 | Build | Farm |
| 21:08 | Research | Castle Age |
| 21:08 | Research | Castle Age |
| 21:24 | Research | Forging |
| 21:36 | Research | Gold Mining |
| 21:56 | Research | Wheelbarrow |
| 21:56 | Research | Wheelbarrow |
| 22:02 | Build | House |
| 22:05 | Build | House |
| 22:12 | Build | Palisade Wall |
| 22:29 | Build | Farm |
| 23:16 | Build | Stable |
| 23:24 | Queue | Villager (Male) |
| 23:48 | Age | Castle Age |
| 23:49 | Queue | Knight |
| 23:50 | Queue | Knight |
| 23:53 | Build | Monastery |
| 24:02 | Build | Monastery |
| 24:13 | Research | Bow Saw |
| 24:19 | Queue | Knight |
| 24:19 | Queue | Knight |
| 24:21 | Queue | Knight |
| 24:24 | Research | Chain Barding Armor |
| 24:28 | Build | House |
| 24:32 | Build | House |
| 24:46 | Queue | Villager (Male) |
| 24:56 | Queue | Knight |
| 24:56 | Queue | Knight |
| 24:56 | Queue | Knight |
| 25:02 | Queue | Knight |
| 25:11 | Build | Stone Wall |
| 25:14 | Build | Stone Wall |
| 25:16 | Build | House |
| 25:22 | Build | Stone Wall |
| 25:35 | Queue | Villager (Male) |
| 25:42 | Queue | Knight |
| 25:42 | Queue | Knight |
Build order — Talentless
First 150 of 813 actions detected
| 0:04 | Queue | Villager (Male) |
| 0:05 | Queue | Villager (Male) |
| 0:05 | Queue | Villager (Male) |
| 0:05 | Queue | Villager (Male) |
| 0:06 | Build | House |
| 0:07 | Build | House |
| 1:35 | Queue | Villager (Male) |
| 1:35 | Queue | Villager (Male) |
| 1:36 | Queue | Villager (Male) |
| 2:13 | Queue | Villager (Male) |
| 2:13 | Queue | Villager (Male) |
| 2:16 | Build | Lumber Camp |
| 2:34 | Queue | Villager (Male) |
| 2:34 | Queue | Villager (Male) |
| 2:34 | Queue | Villager (Male) |
| 3:20 | Queue | Villager (Male) |
| 3:20 | Queue | Villager (Male) |
| 3:21 | Queue | Villager (Male) |
| 3:41 | Build | House |
| 3:43 | Build | House |
| 4:40 | Queue | Villager (Male) |
| 4:45 | Build | Mill |
| 5:03 | Queue | Villager (Male) |
| 5:27 | Queue | Villager (Male) |
| 5:53 | Queue | Villager (Male) |
| 6:13 | Research | Loom |
| 6:18 | Queue | Villager (Male) |
| 6:28 | Research | Loom |
| 7:13 | Research | Feudal Age |
| 7:43 | Build | Barracks |
| 9:04 | Queue | Villager (Male) |
| 9:23 | Age | Feudal Age |
| 9:27 | Build | Archery Range |
| 9:30 | Build | Archery Range |
| 9:33 | Research | Double-Bit Axe |
| 9:48 | Build | Mining Camp |
| 9:51 | Queue | Villager (Male) |
| 10:01 | Build | Palisade Wall |
| 10:06 | Build | Palisade Wall |
| 10:07 | Build | Palisade Wall |
| 10:07 | Build | Palisade Wall |
| 10:12 | Queue | Villager (Male) |
| 10:26 | Queue | Archer |
| 10:40 | Queue | Villager (Male) |
| 10:50 | Queue | Archer |
| 10:51 | Queue | Archer |
| 11:02 | Queue | Villager (Male) |
| 11:12 | Queue | Archer |
| 11:12 | Queue | Archer |
| 11:12 | Queue | Archer |
| 11:26 | Queue | Villager (Male) |
| 11:39 | Queue | Archer |
| 11:39 | Queue | Archer |
| 11:44 | Build | Blacksmith |
| 11:56 | Queue | Villager (Male) |
| 12:03 | Queue | Archer |
| 12:03 | Queue | Archer |
| 12:08 | Build | Palisade Wall |
| 12:09 | Build | Palisade Wall |
| 12:10 | Build | Palisade Wall |
| 12:21 | Queue | Archer |
| 12:22 | Queue | Archer |
| 12:23 | Queue | Villager (Male) |
| 12:23 | Queue | Villager (Male) |
| 12:40 | Queue | Villager (Male) |
| 12:49 | Queue | Archer |
| 12:49 | Queue | Archer |
| 12:51 | Queue | Villager (Male) |
| 12:57 | Build | Farm |
| 12:57 | Build | Farm |
| 12:58 | Build | Farm |
| 13:00 | Build | Farm |
| 13:02 | Build | Farm |
| 13:03 | Build | Farm |
| 13:06 | Build | House |
| 13:07 | Build | House |
| 13:10 | Build | Palisade Wall |
| 13:11 | Queue | Villager (Male) |
| 13:15 | Queue | Archer |
| 13:15 | Queue | Archer |
| 13:15 | Queue | Archer |
| 13:43 | Research | Fletching |
| 14:05 | Queue | Archer |
| 14:15 | Queue | Villager (Male) |
| 14:15 | Queue | Villager (Male) |
| 14:15 | Queue | Villager (Male) |
| 14:18 | Build | Farm |
| 14:19 | Build | Farm |
| 14:22 | Build | Farm |
| 14:34 | Queue | Archer |
| 14:34 | Queue | Archer |
| 15:00 | Queue | Archer |
| 15:01 | Queue | Archer |
| 15:03 | Queue | Villager (Male) |
| 15:03 | Queue | Villager (Male) |
| 15:14 | Queue | Archer |
| 15:24 | Queue | Archer |
| 15:29 | Build | Farm |
| 15:31 | Build | Farm |
| 15:41 | Queue | Archer |
| 15:52 | Queue | Archer |
| 15:54 | Research | Padded Archer Armor |
| 15:58 | Queue | Villager (Male) |
| 15:58 | Queue | Villager (Male) |
| 16:03 | Build | Palisade Wall |
| 16:04 | Build | Palisade Wall |
| 16:07 | Build | Palisade Wall |
| 16:26 | Queue | Archer |
| 16:26 | Queue | Archer |
| 16:38 | Queue | Archer |
| 16:38 | Queue | Archer |
| 16:39 | Queue | Villager (Male) |
| 17:05 | Queue | Villager (Male) |
| 17:05 | Queue | Villager (Male) |
| 17:06 | Queue | Archer |
| 17:06 | Queue | Archer |
| 17:20 | Queue | Archer |
| 17:21 | Build | Archery Range |
| 17:24 | Queue | Villager (Male) |
| 17:35 | Build | Watch Tower |
| 17:44 | Queue | Archer |
| 17:46 | Queue | Villager (Male) |
| 17:48 | Build | Palisade Wall |
| 17:50 | Build | House |
| 18:00 | Queue | Archer |
| 18:00 | Queue | Archer |
| 18:00 | Queue | Archer |
| 18:05 | Build | Farm |
| 18:09 | Build | Farm |
| 18:37 | Queue | Archer |
| 18:37 | Queue | Archer |
| 18:37 | Queue | Archer |
| 18:52 | Queue | Villager (Male) |
| 18:52 | Queue | Villager (Male) |
| 18:59 | Queue | Archer |
| 19:00 | Queue | Archer |
| 19:00 | Queue | Archer |
| 19:00 | Queue | Archer |
| 19:08 | Build | Farm |
| 19:13 | Queue | Archer |
| 19:13 | Queue | Archer |
| 19:14 | Queue | Villager (Male) |
| 19:36 | Queue | Villager (Male) |
| 20:05 | Queue | Villager (Male) |
| 20:05 | Queue | Villager (Male) |
| 20:06 | Queue | Villager (Male) |
| 20:06 | Queue | Villager (Male) |
| 20:07 | Queue | Archer |
| 20:07 | Queue | Archer |
| 20:07 | Queue | Archer |
Match timeline
| 6:38 | FULL BOLAS · wall_segment Palisade Wall x1 |
| 6:39 | FULL BOLAS · wall_segment Palisade Wall x1 |
| 7:28 | wR.Nicov · first_building Barracks |
| 7:31 | JAGR | LeonzAoe · first_building Barracks |
| 7:42 | Euromillions · first_building Barracks |
| 7:42 | FULL BOLAS · first_building Barracks |
| 7:43 | Talentless · first_building Barracks |
| 7:54 | holagame · first_building Barracks |
| 7:56 | DS_Moai · first_building Barracks |
| 8:03 | Cono | AdriJ · first_building Barracks |
| 8:26 | wR.Nicov · age_up feudal |
| 8:27 | JAGR | LeonzAoe · age_up feudal |
| 8:28 | JAGR | LeonzAoe · first_building Stable |
| 8:29 | wR.Nicov · first_building Stable |
| 8:33 | FULL BOLAS · age_up feudal |
| 8:36 | FULL BOLAS · first_building Stable |
| 8:52 | holagame · age_up feudal |
| 8:53 | DS_Moai · age_up feudal |
| 8:54 | Cono | AdriJ · age_up feudal |
| 8:55 | holagame · first_building Stable |
| 8:56 | Euromillions · age_up feudal |
| 8:57 | Cono | AdriJ · first_building Archery Range |
| 8:58 | Euromillions · first_building Archery Range |
| 8:58 | DS_Moai · first_building Archery Range |
| 9:23 | Talentless · age_up feudal |
| 9:27 | Talentless · first_building Archery Range |
| 9:39 | Cono | AdriJ · wall_segment Palisade Wall x5 |
| 9:54 | FULL BOLAS · wall_segment Palisade Wall x6 |
| 10:01 | Talentless · wall_segment Palisade Wall x1 |
| 10:03 | Cono | AdriJ · wall_segment Palisade Wall x5 |
| 10:06 | Talentless · wall_segment Palisade Wall x1 |
| 10:06 | JAGR | LeonzAoe · wall_segment Palisade Wall x7 |
| 10:06 | FULL BOLAS · wall_segment Palisade Wall x9 |
| 10:07 | Talentless · wall_segment Palisade Wall x1 |
| 10:07 | Talentless · wall_segment Palisade Wall x1 |
| 10:11 | JAGR | LeonzAoe · wall_segment Palisade Wall x4 |
| 10:13 | FULL BOLAS · wall_segment Palisade Wall x7 |
| 10:15 | holagame · wall_segment Palisade Wall x4 |
| 10:32 | holagame · wall_segment Palisade Wall x8 |
| 10:50 | Euromillions · wall_segment Palisade Wall x14 |
| 11:04 | Cono | AdriJ · wall_segment Palisade Wall x5 |
| 11:21 | holagame · wall_segment Palisade Wall x6 |
| 11:23 | holagame · wall_segment Palisade Wall x4 |
| 11:31 | DS_Moai · wall_segment Palisade Wall x6 |
| 11:34 | Cono | AdriJ · wall_segment Palisade Wall x1 |
| 11:37 | Cono | AdriJ · wall_segment Palisade Wall x1 |
| 11:39 | Cono | AdriJ · wall_segment Palisade Wall x1 |
| 11:47 | JAGR | LeonzAoe · wall_segment Palisade Wall x5 |
| 11:51 | Cono | AdriJ · wall_segment Palisade Wall x2 |
| 11:53 | wR.Nicov · wall_segment Palisade Wall x1 |
| 11:53 | wR.Nicov · wall_segment Palisade Wall x1 |
| 11:55 | wR.Nicov · wall_segment Palisade Wall x1 |
| 11:56 | wR.Nicov · wall_segment Palisade Wall x1 |
| 12:08 | Talentless · wall_segment Palisade Wall x1 |
| 12:09 | Talentless · wall_segment Palisade Wall x1 |
| 12:10 | Talentless · wall_segment Palisade Wall x1 |
| 12:28 | Cono | AdriJ · wall_segment Palisade Wall x5 |
| 12:44 | wR.Nicov · wall_segment Palisade Wall x1 |
| 12:52 | Euromillions · wall_segment Palisade Wall x1 |
| 12:52 | DS_Moai · wall_segment Palisade Wall x1 |
| 12:54 | DS_Moai · wall_segment Palisade Wall x5 |
| 13:08 | wR.Nicov · wall_segment Palisade Wall x1 |
| 13:10 | Talentless · wall_segment Palisade Wall x6 |
| 13:14 | DS_Moai · wall_segment Palisade Wall x3 |
| 13:20 | Euromillions · wall_segment Palisade Wall x1 |
| 13:22 | Euromillions · wall_segment Palisade Wall x1 |
| 13:23 | Euromillions · wall_segment Palisade Wall x1 |
| 13:24 | Euromillions · wall_segment Palisade Wall x1 |
| 13:26 | Euromillions · wall_segment Palisade Wall x1 |
| 13:50 | Cono | AdriJ · wall_segment Palisade Wall x10 |
| 14:22 | Euromillions · wall_segment Palisade Wall x1 |
| 14:22 | DS_Moai · wall_segment Palisade Wall x6 |
| 14:30 | wR.Nicov · wall_segment Palisade Wall x9 |
| 14:53 | wR.Nicov · wall_segment Palisade Wall x1 |
| 15:11 | DS_Moai · wall_segment Palisade Wall x1 |
| 15:12 | DS_Moai · wall_segment Palisade Wall x1 |
| 15:17 | DS_Moai · wall_segment Palisade Wall x2 |
| 15:35 | Cono | AdriJ · wall_segment Palisade Wall x7 |
| 15:46 | Euromillions · wall_segment Palisade Wall x8 |
| 16:01 | DS_Moai · wall_segment Palisade Wall x11 |
| 16:03 | Talentless · wall_segment Palisade Wall x1 |
| 16:04 | Talentless · wall_segment Palisade Wall x1 |
| 16:07 | Talentless · wall_segment Palisade Wall x1 |
| 17:03 | FULL BOLAS · wall_segment Palisade Wall x9 |
| 17:03 | wR.Nicov · wall_segment Palisade Wall x1 |
| 17:04 | wR.Nicov · wall_segment Palisade Wall x1 |
| 17:29 | Cono | AdriJ · wall_segment Palisade Wall x3 |
| 17:38 | Cono | AdriJ · wall_segment Stone Wall x5 |
| 17:47 | Cono | AdriJ · wall_segment Palisade Wall x5 |
| 17:48 | Talentless · wall_segment Palisade Wall x1 |
| 18:25 | Cono | AdriJ · wall_segment Palisade Wall x9 |
| 20:28 | Cono | AdriJ · wall_segment Palisade Wall x11 |
| 20:38 | DS_Moai · first_market_sell 100 stone |
| 20:48 | Talentless · wall_segment Palisade Wall x10 |
| 20:49 | JAGR | LeonzAoe · first_market_buy 100 food |
| 20:50 | Talentless · wall_segment Palisade Wall x1 |
| 20:51 | JAGR | LeonzAoe · first_market_sell 100 wood |
| 20:53 | wR.Nicov · wall_segment Palisade Wall x6 |
| 20:54 | wR.Nicov · wall_segment Palisade Wall x8 |
| 20:55 | DS_Moai · first_market_buy 100 food |
| 20:58 | wR.Nicov · wall_segment Palisade Wall x1 |
| 21:40 | Cono | AdriJ · wall_segment Palisade Wall x1 |
| 22:12 | FULL BOLAS · wall_segment Palisade Wall x1 |
| 23:39 | DS_Moai · age_up castle |
| 23:44 | Talentless · age_up castle |
| 23:48 | FULL BOLAS · age_up castle |
| 23:50 | wR.Nicov · age_up castle |
| 23:51 | holagame · age_up castle |
| 23:53 | FULL BOLAS · first_building Monastery |
| 24:13 | wR.Nicov · wall_segment Palisade Wall x1 |
| 24:16 | Talentless · wall_segment Palisade Wall x1 |
| 24:25 | JAGR | LeonzAoe · age_up castle |
| 24:59 | Euromillions · age_up castle |
| 25:11 | FULL BOLAS · wall_segment Stone Wall x1 |
| 25:14 | FULL BOLAS · wall_segment Stone Wall x1 |
| 25:22 | FULL BOLAS · wall_segment Stone Wall x1 |
| 26:02 | Cono | AdriJ · wall_segment Palisade Wall x6 |
| 26:15 | wR.Nicov · first_building Siege Workshop |
| 27:14 | Cono | AdriJ · first_market_buy 100 food |
| 28:47 | holagame · first_building Siege Workshop |
| 29:56 | Cono | AdriJ · age_up castle |
| 30:34 | holagame · first_building Monastery |
| 30:44 | wR.Nicov · first_building Monastery |
| 32:21 | Cono | AdriJ · wall_segment Palisade Wall x10 |
| 34:04 | Cono | AdriJ · first_market_sell 100 food |
| 35:14 | Euromillions · first_building Siege Workshop |
| 35:36 | Talentless · first_building Monastery |
| 35:42 | Cono | AdriJ · wall_segment Palisade Wall x1 |
| 37:00 | Cono | AdriJ · wall_segment Stone Wall x1 |
| 37:07 | Talentless · first_building Castle |
| 37:30 | wR.Nicov · first_building Castle |
| 38:43 | wR.Nicov · wall_segment Stone Wall x1 |
| 38:58 | Cono | AdriJ · wall_segment Palisade Wall x3 |
| 39:02 | Cono | AdriJ · wall_segment Palisade Wall x8 |
| 39:07 | wR.Nicov · wall_segment Stone Wall x1 |
| 39:11 | wR.Nicov · wall_segment Stone Wall x1 |
| 39:12 | wR.Nicov · wall_segment Stone Wall x1 |
| 39:27 | Talentless · age_up imperial |
| 39:30 | Talentless · first_market_sell 100 food |
| 39:46 | JAGR | LeonzAoe · first_building Monastery |
| 40:11 | Euromillions · wall_segment Palisade Wall x1 |
| 40:14 | Euromillions · wall_segment Palisade Wall x1 |
| 40:32 | DS_Moai · first_building Monastery |
| 40:58 | FULL BOLAS · wall_segment Stone Wall x1 |
| 41:01 | Euromillions · wall_segment Palisade Wall x1 |
| 41:03 | Euromillions · wall_segment Palisade Wall x1 |
| 41:31 | FULL BOLAS · wall_segment Palisade Wall x1 |
| 41:46 | wR.Nicov · wall_segment Stone Wall x1 |
| 42:19 | Cono | AdriJ · wall_segment Palisade Wall x1 |
| 42:21 | Cono | AdriJ · wall_segment Palisade Wall x1 |
| 42:37 | Cono | AdriJ · wall_segment Stone Wall x1 |
| 42:45 | DS_Moai · first_building Castle |
| 42:55 | Cono | AdriJ · wall_segment Stone Wall x1 |
| 43:03 | Cono | AdriJ · wall_segment Stone Wall x1 |
| 43:37 | wR.Nicov · age_up imperial |
| 43:39 | DS_Moai · wall_segment Palisade Wall x1 |
| 44:00 | JAGR | LeonzAoe · age_up imperial |
| 44:08 | DS_Moai · age_up imperial |
| 44:17 | Euromillions · first_building Castle |
| 44:24 | JAGR | LeonzAoe · first_building Castle |
| 44:45 | wR.Nicov · wall_segment Stone Wall x1 |
| 44:46 | FULL BOLAS · first_market_sell 100 food |
| 45:47 | JAGR | LeonzAoe · wall_segment Stone Wall x1 |
| 46:03 | JAGR | LeonzAoe · wall_segment Stone Wall x1 |
| 46:05 | JAGR | LeonzAoe · wall_segment Stone Wall x1 |
| 46:07 | JAGR | LeonzAoe · wall_segment Stone Wall x1 |
| 46:22 | JAGR | LeonzAoe · wall_segment Stone Wall x1 |
| 46:27 | Euromillions · first_market_sell 100 stone |
| 46:28 | Euromillions · first_market_buy 100 food |
| 47:01 | FULL BOLAS · first_building Castle |
| 47:59 | wR.Nicov · first_market_sell 100 food |
| 48:25 | holagame · age_up imperial |
| 48:36 | holagame · first_market_buy 100 food |
| 49:00 | FULL BOLAS · age_up imperial |
| 49:13 | Talentless · first_building Stable |
| 49:45 | Euromillions · age_up imperial |
| 51:39 | Cono | AdriJ · wall_segment Stone Wall x8 |
| 52:08 | Cono | AdriJ · wall_segment Stone Wall x3 |
| 52:16 | DS_Moai · tribute_sent a jugador 1 |
| 52:16 | DS_Moai · tribute_sent a jugador 2 |
| 52:16 | DS_Moai · tribute_sent a jugador 3 |
| 52:16 | DS_Moai · tribute_sent a jugador 4 |
| 52:16 | DS_Moai · tribute_sent a jugador 6 |
| 52:16 | DS_Moai · tribute_sent a jugador 7 |
| 52:16 | DS_Moai · tribute_sent a jugador 8 |
| 54:05 | holagame · first_building Castle |
| 54:49 | Cono | AdriJ · wall_segment Stone Wall x10 |
| 55:06 | Cono | AdriJ · wall_segment Stone Wall x1 |
| 57:29 | Cono | AdriJ · wall_segment Stone Wall x7 |
| 57:32 | Cono | AdriJ · wall_segment Stone Wall x1 |
| 57:33 | Cono | AdriJ · wall_segment Stone Wall x1 |
| 57:35 | Cono | AdriJ · wall_segment Stone Wall x1 |
| 57:36 | Cono | AdriJ · wall_segment Stone Wall x1 |
| 58:34 | Talentless · first_market_buy 100 stone |
| 61:34 | wR.Nicov · first_market_buy 100 wood |
| 63:17 | Cono | AdriJ · tribute_sent a jugador 2 |
| 63:17 | Cono | AdriJ · tribute_sent a jugador 3 |
| 63:17 | Cono | AdriJ · tribute_sent a jugador 4 |
| 63:17 | Cono | AdriJ · tribute_sent a jugador 5 |
| 63:17 | Cono | AdriJ · tribute_sent a jugador 6 |
| 63:17 | Cono | AdriJ · tribute_sent a jugador 7 |
| 63:17 | Cono | AdriJ · tribute_sent a jugador 8 |
| 63:37 | Cono | AdriJ · first_building Siege Workshop |
| 63:55 | Cono | AdriJ · tribute_sent a jugador 2 |
| 63:55 | Cono | AdriJ · tribute_sent a jugador 3 |
| 63:55 | Cono | AdriJ · tribute_sent a jugador 4 |
| 63:55 | Cono | AdriJ · tribute_sent a jugador 5 |
| 63:55 | Cono | AdriJ · tribute_sent a jugador 6 |
| 63:55 | Cono | AdriJ · tribute_sent a jugador 7 |
| 63:55 | Cono | AdriJ · tribute_sent a jugador 8 |
| 66:07 | holagame · first_market_sell 100 wood |
| 68:06 | Cono | AdriJ · age_up imperial |
| 68:46 | Euromillions · wall_segment Stone Wall x10 |
| 68:48 | Euromillions · wall_segment Stone Wall x8 |
| 71:24 | Euromillions · wall_segment Palisade Wall x1 |
| 72:50 | DS_Moai · wall_segment Stone Wall x6 |
| 72:55 | DS_Moai · wall_segment Stone Wall x7 |
| 73:08 | DS_Moai · wall_segment Stone Wall x1 |
| 73:13 | FULL BOLAS · wall_segment Stone Wall x13 |
| 73:52 | Cono | AdriJ · wall_segment Stone Wall x15 |
| 74:13 | wR.Nicov · wall_segment Stone Wall x1 |
| 74:17 | wR.Nicov · wall_segment Stone Wall x1 |
| 74:18 | wR.Nicov · wall_segment Stone Wall x1 |
| 74:42 | Cono | AdriJ · tribute_sent a jugador 2 |
| 74:42 | Cono | AdriJ · tribute_sent a jugador 3 |
| 74:42 | Cono | AdriJ · tribute_sent a jugador 4 |
| 74:42 | Cono | AdriJ · tribute_sent a jugador 5 |
| 74:42 | Cono | AdriJ · tribute_sent a jugador 6 |
| 74:42 | Cono | AdriJ · tribute_sent a jugador 7 |
| 74:42 | Cono | AdriJ · tribute_sent a jugador 8 |
| 76:16 | Cono | AdriJ · tribute_sent a jugador 2 |
| 76:16 | Cono | AdriJ · tribute_sent a jugador 3 |
| 76:16 | Cono | AdriJ · tribute_sent a jugador 4 |
| 76:16 | Cono | AdriJ · tribute_sent a jugador 5 |
| 76:16 | Cono | AdriJ · tribute_sent a jugador 6 |
| 76:16 | Cono | AdriJ · tribute_sent a jugador 7 |
| 76:16 | Cono | AdriJ · tribute_sent a jugador 8 |
| 77:14 | Cono | AdriJ · tribute_sent a jugador 2 |
| 77:14 | Cono | AdriJ · tribute_sent a jugador 3 |
| 77:14 | Cono | AdriJ · tribute_sent a jugador 4 |
| 77:14 | Cono | AdriJ · tribute_sent a jugador 5 |
| 77:14 | Cono | AdriJ · tribute_sent a jugador 6 |
| 77:14 | Cono | AdriJ · tribute_sent a jugador 7 |
| 77:14 | Cono | AdriJ · tribute_sent a jugador 8 |
| 78:05 | wR.Nicov · resign |
[ AI ANALYSIS · 1 CREDIT ]
What really happened in this match?
Wolo.gg analyzes every decision: build order, eco, micro, common mistakes by bracket. Personalized analysis on WhatsApp or Discord in 30 seconds.
Civ guide
Ethiopians
Perfil
Jugador #280820